← All builds
Geo sea / Cortex / Economy first / OBSERVED BUILD

Standard geo sea

Cortex Geo sea build order · Supreme Isthmus

The role's default economy-first opening: bot lab then shipyard in the cove, early frigate and destroyer with a sub, taking geo on time before transitioning into a mixed navy for the rest of the game.

Usually shipyard in the cove (98%)

#naval #eco · 1767 distinct matches · 190 players · 80% of Cortex Geo sea games · team won 53% of 2066 · Recently observed

HOW TO PLAY IT

Key timing: Bot Lab by 1:12, Shipyard by 3:17

  1. Open 3 mex into wind, then drop Bot Lab in cove.
  2. Finish Bot Lab, keep teching mex and wind.
  3. Get Shipyard up and start pumping subs and frigates.
  4. Eat the Bot Lab for metal once you have T1 units defending.
  5. Push out submarine, frigate, destroyer to contest sea.
  6. Bring geothermal online and transition toward T2 constructor.

Phase by phase

TYPICAL OF ITS 1767 GAMES
  1. 1
  2. 2
  3. 3
  4. 4
PLAY THE OPENING

Follow the example game's first 6:00 step by step: what to build now, what comes next, and where it goes. At 1× it keeps pace with your own game.

  1. 1

    Up to the Bot Lab

    Economy
    • Metal Extractor3Mex
    • Wind Turbine3Wind
    • Wind Turbine1Windfor allies
    Order
    1. Bot LabBot Lab after 3 mex, 3 winddone ~1:13, middle half 1:07–1:25

    By 0:55 in all: 3 mex · 3 wind

    The example game in this phase · 4 steps
    1. Mex ×3
    2. Wind ×5
    3. Energy storage
    4. Bot LabBot Labdone 1:31 · typical 1:13
  2. 2

    Bot Lab to Shipyard

    Economy
    • Metal Extractor1Mex
    • Wind Turbine1Wind
    Order
    1. ShipyardShipyard after 4 mex, 5 wind, 1 energy storagedone ~3:18, middle half 3:02–3:36
    Builders
    • Construction Bot3 Con bot
    • Graverobber2 Graverobber
    Army
    • Grunt1 Grunt

    Some games also: con turret (46%) · trasher (39%) · energy storage (36%)

    By 2:52 in all: 4 mex · 5 wind · 1 energy storage

    The example game in this phase · 8 steps
    1. GraverobberGraverobber ×2
    2. Construction BotCon bot ×3
    3. Mex
    4. GraverobberGraverobber
    5. GruntGrunt ×2
    6. TrasherTrasher
    7. GraverobberGraverobber
    8. ShipyardShipyarddone 3:16 · typical 3:18
  3. 3

    Shipyard to 5:00

    Economy
    • Metal Extractor4Mex
    Order
    1. Bot LabEat Bot Lab
    Builders
    • Construction Ship1 Con ship
    Army
    • Riptide2 Frigate
    • Orca1 Submarine
    Other
    • Radar Tower1 Radar Tower

    Some games also: missile corvette (49%) · wind (49%) · Guard (48%) · destroyer (44%) · gunboat (39%)

    By 5:00 in all: 8 mex · 6 wind · 1 energy storage · 1 con turret

    The example game in this phase · 17 steps
    1. Construction ShipCon ship
    2. Mex
    3. OrcaSubmarinedone 3:52 · typical 4:17
    4. Radar TowerRadar Tower
    5. Mex
    6. Bot LabEat Bot Labreclaimed for its metal
    7. RiptideFrigatedone 4:04 · typical 4:40
    8. Mex
    9. Converter
    10. RiptideFrigate
    11. HerringMissile corvette
    12. Mex
    13. Con turret
    14. RiptideFrigate
    15. Converter
    16. RiptideFrigate
    17. SupporterGunboat ×2
  4. 4

    5:00 to 10:00

    Economy
    • Metal Extractor2Mex
    • Wind Turbine8Wind
    • Energy Converter2Converter
    Order
    1. Geothermal PowerplantGeo after 9 mex, 9 wind, 2 converterin 53% of games
    Builders
    • Construction Turret1 Con turret
    • Death Cavalry2 Death Cavalry
    • Construction Ship1 Con ship
    Army
    • Guard1 Guard
    • Riptide5 Frigate
    Other
    • Naval Radar / Sonar Tower2 Naval Radar / Sonar Tower

    Some games also: Thistle (39%) · submarine (32%)

    By 10:00 in all: 10 mex · 15 wind · 1 geo · 4 converter · 1 energy storage · 2 con turret

    The example game in this phase · 117 steps
    1. SupporterGunboat ×2
    2. Converter
    3. SupporterGunboat
    4. Mex
    5. SupporterGunboat
    6. Converter
    7. Wind
    8. SupporterGunboat
    9. Naval Radar / Sonar TowerNaval Radar / Sonar Tower
    10. Wind
    11. SupporterGunboat
    12. RiptideFrigate
    13. Wind
    14. Converter ×2
    15. RiptideFrigate
    16. Geothermal PowerplantGeodone 6:42 · typical 8:13
    17. Wind
    18. OppressorDestroyerdone 7:44 · typical 5:54
    19. Con turret
    20. Naval Radar / Sonar TowerNaval Radar / Sonar Tower
    21. Twin GuardTwin Guard
    22. Wind
    23. ThistleThistle
    24. Wind
    25. ThistleThistle
    26. Wind
    27. HerringMissile corvette
    28. Wind
    29. Con turret
    30. Death CavalryDeath Cavalry
    31. Wind ×2
    32. SupporterGunboat
    33. Wind
    34. SupporterGunboat
    35. Wind
    36. SupporterGunboat ×2
    37. Bot LabBot Labdone 8:54
    38. SupporterGunboat
    39. AggravatorAggravator ×10for Pond
    40. Con turret
    41. Bot LabEat Bot Labreclaimed for its metal
    42. HerringMissile corvette
    43. Con turret ×2
    44. RiptideFrigate
    45. Wind
    46. Converter
    47. RiptideFrigate
    48. Wind
    49. Converter
    50. Wind ×2
    51. Converter ×2
    52. OppressorDestroyer
    53. Converter
    54. Wind
    55. Con turret
    56. Wind
    57. Converter ×2
    58. Con turret
    59. Wind ×2
    60. Advanced solar
    61. Wind ×2
    62. Converter
    63. Wind ×4
    64. Converter
    65. Wind ×6
    66. Converter ×2
    67. Wind ×4
    68. Converter
    69. Wind ×2
    70. Converter ×2
    71. Wind ×2
    72. Converter
    73. Wind ×2
    74. Converter ×2
    75. Wind
    76. Converter
    77. Wind ×2
    78. Converter ×2
    79. Wind
    80. Converter
    81. Wind
    82. Converter
    83. Wind ×2
    84. Converter ×2
    85. Wind
    86. Advanced solar
    87. Converter
    88. Wind ×8
    89. Converter ×2
    90. Death CavalryDeath Cavalry
    91. Wind ×4
    92. HerringMissile corvette
    93. Wind ×2
    94. RiptideFrigate
    95. Wind ×2
    96. Converter
    97. RiptideFrigate
    98. Converter
    99. Wind ×3
    100. OppressorDestroyer
    101. Wind ×4
    102. Converter
    103. Wind ×2
    104. Converter
    105. Wind
    106. Death CavalryDeath Cavalry
    107. Wind ×3
    108. HerringMissile corvette
    109. Wind
    110. Advanced Metal ExtractorT2 mexdone 14:56
    111. Converter
    112. Wind ×2
    113. RiptideFrigate
    114. Wind ×3
    115. Converter
    116. Advanced Metal ExtractorT2 mex
    117. Wind ×2

Counts are medians over the build's games: half of them build more, half fewer. The example game is VeryCool's (32 OS, 11/08/2026); pick another.

Team trades

IN AT LEAST 30% OF ITS GAMES

You hand over

  • Wind Turbine2 Wind to Airfirst at 1:44 · in 72% of games

You get

  • Finch1 Finch from Airfirst at 1:52 · in 82% of games
  • Hercules1 Light transport from Airfirst at 1:59 · in 76% of games
  • Advanced Construction Bot1 T2 con bot from Techfirst at 7:44 · in 90% of games

How it plays out

Typical game of this build, running totals by minute

Metal produced

010k20k30k
0:005:0010:0015:00

metal

Enemy metal destroyed

05k10k
0:005:0010:0015:00

metal

Own metal lost

02.5k5k7.5k
0:005:0010:0015:00

metal

2066 games.

Show as table
ByMetal produced: This buildEnemy metal destroyed: This buildOwn metal lost: This build
1:0039800
2:0092900
3:00155700
4:002865051
5:00406614652
6:005414440232
7:006890905543
8:0085731547908
9:001040824581353
10:001253035282022
11:001507247082804
12:001801760503661
13:002121672254375
14:002477884365224
15:002858596396201
WHAT THE NUMBERS SAY

This is the role's own baseline, winning a bit over half its games with steady eco scaling and sea trades roughly matching losses.

  • + Team wins slightly over half of games played.
  • + Metal production scales from ~4k to ~29.5k by 15:00.
  • − Own metal lost climbs to 6875 by 15:00, matching kills closely.
  • − T2 factory only reached in 40% of games, limiting late power.
THE EXAMPLE YOU ARE READING

VeryCool

32.2 OS · 11/08/2026

Open source match ↗

2 received units · includes a constructor
1096 metal received · 39054 energy received

Allied construction assistance is unknown. Timings are observations, not a promise of solo reproducibility.

Typical milestones

Bot Lab1:13Middle 50%: 1:07–1:25 · n=2039
Shipyard3:18Middle 50%: 3:02–3:36 · n=2057
Orca4:17Middle 50%: 3:52–5:00 · n=1397
Riptide4:40Middle 50%: 4:09–5:22 · n=2013
Oppressor5:54Middle 50%: 5:11–6:40 · n=1890
Geothermal Powerplant8:13Middle 50%: 7:13–9:26 · n=1343
Advanced Metal Extractor9:25Middle 50%: 8:48–10:21 · n=1801

Played most by

SHOGVN221games of this buildsirniho126games of this buildElpoloow118games of this buildOptimusprimenutt95games of this buildhihimik72games of this build
Standard geo sea · Cortex Geo sea build order · BAR Build Atlas